 Dungeon Crawl Stone Soup version 0.19-a0-739-gf2af308 (webtiles) character file.

4806 Ordine the Geomancer (level 10, -1/87 HPs)
             Began as a Gargoyle Earth Elementalist on June 23, 2016.
             Was a Follower of Vehumet.
             Slain by a wolf (7 damage)
             ... led by Grum
             ... on level 9 of the Dungeon.
             The game lasted 00:50:46 (12057 turns).

Ordine the Geomancer (Gargoyle Earth Elementalist) Turns: 12057, Time: 00:50:47

Health: -1/87      AC: 25    Str: 13    XL:     10   Next: 48%
Magic:  0/22       EV:  2    Int: 18    God:    Vehumet [*.....]
Gold:   342        SH:  0    Dex: 10    Spells: 4 memorised, 14 levels left

rFire  . . .     SeeInvis .     g - +1 quarterstaff
rCold  . . .     Gourm    .     (armour currently unavailable)
rNeg   + + +     Faith    .     (shield currently unavailable)
rPois  ∞         Spirit   .     (helmet currently unavailable)
rElec  .         Dismiss  .     (cloak currently unavailable)
rCorr  .         Reflect  .     (gloves currently unavailable)
SustAt .         Harm     .     (boots currently unavailable)
MR     .....     NoTele   +     (no amulet)
Stlth  ++........               (no ring)
                                (no ring)

@: tree-form, not resistant to hostile enchantments, unstealthy
A: negative energy resistance 1, (electricity resistance), (unbreathing),
petrification resistance, rot immunity, AC +7
a: Renounce Religion


You were on level 9 of the Dungeon.
You worshipped Vehumet.
Vehumet was aware of your devotion.
You were hungry.
You were a tree.
You visited 2 branches of the dungeon, and saw 11 of its levels.

You collected 485 gold pieces.
You spent 143 gold pieces at shops.

Inventory:

Hand Weapons
 g - a +1 quarterstaff (weapon)
Armour
 c - a +1 robe (melded)
 i - a +0 pair of gloves (melded)
 w - a steam dragon hide
Jewellery
 B - an uncursed amulet of rage
Wands
 a - a wand of digging (11/24)
Scrolls
 f - 5 scrolls of remove curse
 j - a scroll of recharging
 k - 4 scrolls of teleportation
 p - a scroll of fog
 q - 2 scrolls of fear
 v - 2 scrolls of immolation
 y - a scroll of identify
 C - a scroll of noise
Potions
 o - a potion of brilliance
 t - 4 potions of flight
 u - a potion of haste
 x - a potion of might
Books
 e - a book of Geomancy

   Spells                             Type                      Level
   a - Sandblast                      Earth                        1
   b - Passwall                       Transmutation/Earth          2
   c - Stone Arrow                    Conjuration/Earth            3
   d - Petrify                        Transmutation/Earth          4
   e - Lee's Rapid Deconstruction     Earth                        5
 n - a Young Poisoner's Handbook

   Spells                             Type                      Level
   a - Sting                          Conjuration/Poison           1
   b - Cure Poison                    Poison                       2
   c - Mephitic Cloud                 Conjuration/Poison/Air       3
   d - Olgreb's Toxic Radiance        Poison                       4
   e - Venom Bolt                     Conjuration/Poison           5
 z - a book of Enchantments

   Spells                             Type                      Level
   a - Cause Fear                     Hexes                        4
   b - Yara's Violent Unravelling     Hexes/Transmutation          5
   c - Silence                        Hexes/Air                    5
   d - Deflect Missiles               Charms/Air                   6
   e - Haste                          Charms                       6
   f - Discord                        Hexes                        8
Comestibles
 b - 2 fruits
 d - 4 bread rations
 h - a royal jelly
 l - 3 beef jerkies
 m - 3 slices of pizza
 r - 3 meat rations


   Skills:
 + Level 4.8 Fighting
 + Level 4.1 Staves
 - Level 2.1 Armour
 + Level 3.4 Dodging
 - Level 2.1 Stealth
 * Level 8.2 Spellcasting
 + Level 6.0 Conjurations
 - Level 0.7 Transmutations
 + Level 8.5 Earth Magic
 + Level 3.8 Evocations


You had 14 spell levels left.
You knew the following spells:

 Your Spells              Type           Power        Failure   Level  Hunger
a - Sandblast             Erth           #####.       1%          1    None
b - Passwall              Tmut/Erth      ###.......   1%          2    None
c - Stone Arrow           Conj/Erth      ####..       1%          3    #......
d - Lee's Rapid Deconstr  Erth           #####.....   10%         5    #####..


Dungeon Overview and Level Annotations

Branches:
Dungeon (10/15)            Temple (1/1) D:6             Orc (0/2) D:10
   Lair: D:8-11

Altars:
Ashenzari
Cheibriados
Dithmenos
Elyvilon
Fedhas
Gozag
Hepliaklqana
Kikubaaqudgha
Makhleb
Nemelex Xobeh
Okawaru
Pakellas
Qazlal
Ru
Sif Muna
Trog
Uskayaw
Vehumet
Xom
Yredelemnul
Zin
The Shining One

Shops:
D:4 !   D:6 ([


Innate Abilities, Weirdness & Mutations

You are resistant to torment.
((Your stone body is resilient. (AC +7)))
You are immune to poison.
You resist negative energy. (rN+)
((You are resistant to electric shocks. (rElec)))
((You can survive without breathing.))
You are immune to petrification.
You are immune to rotting.


Message History

Aiming: Sandblast
Press: ? - help, Shift-Dir - straight line, f/p - wolf
Aim: a wolf (heavily wounded)
The blast of sand hits the wolf.
The wolf is heavily wounded.
The wolf bites you!
* * * LOW HITPOINT WARNING * * *
The wolf bites you.
* * * LOW HITPOINT WARNING * * *
You turn into a tree.
Your +0 pair of gloves melds into your body.
Your +1 robe melds into your body.
Your roots penetrate the ground.
The wolf bites you but does no damage.
You barely miss the wolf.
The wolf is heavily wounded.
The wolf bites you but does no damage. The wolf barely misses you.
You closely miss the wolf.
The wolf is heavily wounded.
The wolf bites you but does no damage. The wolf bites you!
You die...

...#...).## #.....#
...#....## #.....#
...##...########...#.#
...##...##.....#...#.#
...............#.....#
...............#.....#
........##.....#.....#
........########h###.#
...............#♣# #.#
#####...##.....#)# #.#
....'...#*.....#.# #.#
....#....#.....#.###.#
###.#....#.....#.....#
....#....#.....#..(..#
....+..###.....#.(...#
.####..#**.....#.....#
## ##≈.,,,,,,,#.....#


You could see a wolf.

Vanquished Creatures
  A two-headed ogre (D:9)
  Grinder (D:5)
  2 yaks (D:10)
  A hippogriff (D:8)
  Grum (D:9)
  A steam dragon (D:7)
  A hungry ghost (D:8)
  Duvessa (D:4)
  An orc warrior (D:6)
  An ice beast (D:9)
  2 wolves (D:9)
  2 black bears (D:9)
  A necrophage (D:9)
  An ogre (D:4)
  3 centaurs
  A phantom (D:5)
  4 giant frogs
  A water moccasin zombie (D:7)
  A wyvern skeleton (D:9)
  4 scorpions
  Dowan (D:4)
  3 wights (D:5)
  10 crimson imps
  3 jellies
  2 giant frog zombies
  3 hounds
  4 centaur skeletons
  3 orc priests
  6 orc wizards
  2 giant frog skeletons
  3 iguanas
  3 hell rats (D:5)
  7 worker ants
  A hound skeleton (D:5)
  11 gnolls
  9 adders
  A howler monkey skeleton (D:5)
  4 river rats (D:5)
  A shadow imp (D:9)
  2 oozes
  2 worms
  A dart slug (D:4)
  5 giant geckos
  32 orcs
  12 giant cockroaches
  8 goblins
  8 hobgoblins
  6 jackals
  8 kobolds
  7 quokkas
  A ball python (D:2)
  10 bats
  A giant cockroach zombie (D:6)
  A giant gecko skeleton (D:5)
  5 giant newts
  A jackal zombie (D:6)
  A quokka skeleton (D:6)
  33 rats
252 creatures vanquished.

Notes
Turn   | Place    | Note
--------------------------------------------------------------
     0 | D:1      | Ordine the Gargoyle Earth Elementalist began the quest for the Orb.
     0 | D:1      | Reached XP level 1. HP: 10/10 MP: 3/3
   194 | D:1      | Reached XP level 2. HP: 14/15 MP: 1/5
   483 | D:1      | Learned a level 2 spell: Passwall
  1022 | D:1      | Reached XP level 3. HP: 19/19 MP: 5/7
  1279 | D:2      | Learned a level 3 spell: Stone Arrow
  1299 | D:2      | Found a stormy altar of Qazlal.
  1692 | D:2      | Found a shadowy altar of Dithmenos.
  1719 | D:2      | Reached XP level 4. HP: 24/24 MP: 2/8
  2475 | D:3      | Reached skill level 1 in Conjurations
  2737 | D:3      | Reached XP level 5. HP: 9/28 MP: 1/10
  2984 | D:3      | Learned a level 5 spell: Lee's Rapid Deconstruction
  3621 | D:3      | Found a shimmering altar of Xom.
  3694 | D:3      | Reached skill level 5 in Earth Magic
  3749 | D:3      | Reached XP level 6. HP: 30/32 MP: 3/12
  4008 | D:4      | Noticed Duvessa
  4008 | D:4      | Noticed Dowan
  4290 | D:4      | Reached skill level 5 in Spellcasting
  4455 | D:4      | Found Tefracw's Distillery.
  4458 | D:4      | Bought a potion of heal wounds for 55 gold pieces
  4458 | D:4      | Bought a potion of curing for 33 gold pieces
  4458 | D:4      | Bought a potion of brilliance for 44 gold pieces
  4458 | D:4      | Bought a potion of degeneration for 11 gold pieces
  4860 | D:4      | Reached XP level 7. HP: 35/36 MP: 4/14
  5338 | D:4      | Killed Dowan
  5370 | D:4      | HP: 1/36 [Duvessa/rapier (9)]
  5374 | D:4      | Killed Duvessa
  5387 | D:4      | HP: 1/36 [orc priest/divine providence (15)]
  5629 | D:5      | Entered Level 5 of the Dungeon
  5726 | D:5      | Reached skill level 1 in Fighting
  5872 | D:5      | Reached skill level 1 in Staves
  5921 | D:5      | Reached skill level 1 in Armour
  5921 | D:5      | Reached XP level 8. HP: 36/43 MP: 7/16
  6113 | D:5      | Found an ancient bone altar of Kikubaaqudgha.
  6273 | D:5      | Noticed Grinder
  6280 | D:5      | Reached skill level 1 in Evocations
  6320 | D:5      | Paralysed by Grinder for 6 turns
  6696 | D:5      | Found an iron altar of Okawaru.
  6866 | D:5      | Killed Grinder
  7563 | D:5      | Found a glowing golden altar of the Shining One.
  7638 | D:5      | Reached XP level 9. HP: 48/49 MP: 9/19
  7798 | D:5      | Found a basalt altar of Yredelemnul.
  7800 | D:5      | Noticed a profane servitor
  7837 | D:5      | Found a white marble altar of Elyvilon.
  7889 | D:5      | Noticed an angel
  7939 | D:6      | Found Ecran's Antique Weapon Shop.
  8419 | D:6      | Found a shattered altar of Ashenzari.
  8504 | D:6      | Found a staircase to the Ecumenical Temple.
  8510 | Temple   | Entered the Ecumenical Temple
  8782 | D:6      | Found Uduikkam's Armour Emporium.
  8789 | D:6      | Got a polished falchion
  8798 | D:6      | Found an ancient bone altar of Kikubaaqudgha.
  8862 | D:6      | Identified the +6 falchion of Arivueg {drain, rPois} (You found it on level 6 of the Dungeon)
  9105 | D:7      | Reached skill level 5 in Conjurations
  9111 | D:7      | Found a radiant altar of Vehumet.
  9729 | D:7      | Found a bloodstained altar of Trog.
  9995 | D:7      | You fall through a shaft for 3 floors!
  9995 | D:10     | Entered Level 10 of the Dungeon
 10340 | D:10     | Found a staircase to the Orcish Mines.
 10562 | D:8      | Reached XP level 10. HP: 50/57 MP: 8/21
 10833 | D:7      | Became a worshipper of Vehumet
 10927 | D:8      | Found a glowing silver altar of Zin.
 10934 | D:8      | Found a blossoming altar of Fedhas.
 11971 | D:9      | Found a white marble altar of Elyvilon.
 12012 | D:9      | Noticed Grum
 12012 | D:9      | Reached * piety under Vehumet
 12012 | D:9      | Offered knowledge of Magic Dart by Vehumet.
 12043 | D:9      | Killed Grum
 12057 | D:9      | Slain by a wolf

Vault maps used:
D:1:      dpeg_arrival_refuge, serial_glass, glass_columns_b, glass_columns_a,
          roderic_hopi_sauvastika, minmay_misc_feat_alley, minmay_crystal_water
D:2:      overflow_temple_1_default, grunt_dithmenos_smoke
D:3:      led_xom_imps
D:4:      first_bread, serial_shops, kennysheep_mini_moat, uniq_duvessa
D:5:      lemuel_ratsnest, grunt_temple_overflow_holy_war, okawaru_gym_becter,
          lemuel_doored_altar, marbit_many_paths, uniq_grinder
D:6:      cheibrodos_ashenzari_chains, serial_shops,
          nicolae_shop_overgrown_old_shop, shop, basic_altar,
          portal_sewer_entry_f
D:7:      lightli_temple_of_fire, nicolae_overflow_hidden_temple
D:8:      amethyst_overflow_temple_binary
D:9:      hangedman_little_slice_of_home, solitary_fountain, lemuel_tele_altar,
          uniq_grum
D:10:     due_lair_maze_entry_diamond
Temple:   minmay_temple_curvy_loop

Skill      XL: |  1  2  3  4  5  6  7  8  9 10 |
---------------+-------------------------------+-----
Earth Magic    | 4 5 6 8 |  8.5
Spellcasting   | 3 4 5 6 7 8 |  8.2
Conjurations   | 1 2 3 4 5 6 |  6.0
Fighting       | 1 2 4 |  4.8
Staves         | 1 2 3 4 |  4.1
Armour         | 1 2 |  2.1
Evocations     | 2 3 |  3.8
Dodging        | 3 |  3.4
Stealth        | |  2.1
Transmutations | |  0.7

Action                   |  1- 3 |  4- 6 |  7- 9 | 10-12 || total
-------------------------+-------+-------+-------+-------++-------
Melee: Unarmed           |     6 |       |       |       ||     6
       Short sword       |    15 |       |       |       ||    15
       Whip              |    21 |    24 |       |       ||    45
       Quarterstaff      |       |    47 |   184 |    45 ||   276
 Cast: Sandblast         |    81 |    95 |    84 |     3 ||   263
       Stone Arrow       |       |    16 |   142 |    63 ||   221
       Lee's Rapid Decon |       |       |     2 |       ||     2
  Use: Potion            |     1 |     1 |    12 |     1 ||    15
       Scroll            |     3 |     6 |    10 |     2 ||    21
 Stab: Invisible         |       |       |     1 |       ||     1
  Eat: Chunk             |     3 |    11 |    22 |     5 ||    41
       Fruit             |       |     1 |       |       ||     1
       Pizza             |       |       |       |     1 ||     1
Armor: Robe              |    72 |    51 |   125 |    26 ||   274
       Skin              |       |       |       |     3 ||     3
Dodge: Dodged            |   100 |    92 |   192 |    41 ||   425
